 Dungeon Crawl Stone Soup version 0.28-a0-816-gb054d885db (webtiles) character file.

Game seed: 14469242172771310677

100 Crownlay the Chopper (level 4, -6/39 HPs)
             Began as a Hill Orc Fighter on Nov 8, 2021.
             Mangled by a gnoll (12 damage)
             ... on level 3 of the Dungeon.
             The game lasted 00:02:38 (2430 turns).

Crownlay the Chopper (Hill Orc Fighter)             Turns: 2430, Time: 00:02:39

Health: -6/39      AC:  6    Str: 19    XL:     4   Next: 73%
Magic:  4/4        EV:  9    Int:  8    God:
Gold:   84         SH:  4    Dex: 10    Spells: 3/3 levels left

rFire   . . .      SeeInvis .   a - +0 war axe
rCold   . . .      Faith    .   c - +0 buckler
rNeg    . . .      Spirit   .   b - +0 scale mail
rPois   .          Reflect  .   (no helmet)
rElec   .          Harm     .   (no cloak)
rCorr   .          Rampage  .   (no gloves)
Will    .....                   (no boots)
Stlth   ..........              (no amulet)
HPRegen 0.13/turn               (no ring)
MPRegen 0.09/turn               (no ring)

@: no status effects
A: no striking features
a: no special abilities


You were on level 3 of the Dungeon.
You visited 1 branch of the dungeon, and saw 3 of its levels.

You collected 84 gold pieces.

Inventory:

Hand Weapons
 a - a +0 war axe (weapon)
Armour
 b - a +0 scale mail (worn)
 c - a +0 buckler (worn)
Jewellery
 g - an amulet of guardian spirit
Wands
 p - a wand of paralysis (4)
Scrolls
 h - a scroll of teleportation {unknown}
 l - a scroll of enchant weapon {unknown}
 m - a scroll of fog {unknown}
 o - a scroll of fear {unknown}
Potions
 d - 4 potions of might
 e - 2 potions of cancellation {unknown}
 f - 2 potions of heal wounds {unknown}
 i - a potion of lignification {unknown}
 j - a potion of brilliance {unknown}
 k - 2 potions of curing {unknown}
 n - a potion of attraction {unknown}


   Skills:
 - Level 3.6 Fighting
 * Level 5.7 Axes
 - Level 3.2 Armour
 - Level 4.0 Shields


You had 3 spell levels left.
You didn't know any spells.
Your spell library contained the following spells:

 Spells                   Type           Power      Damage    Failure   Level
 Passwall                 Tmut/Erth      0%         N/A       88%         2
 Swiftness                Air            0%         N/A       98%         3
 Invisibility             Hex            0%         N/A       100%        6


Dungeon Overview and Level Annotations

Branches:
Dungeon (3/15)

Altars:

Shops:
D:2 [


Message History

You are too injured to fight recklessly!
You are too injured to fight recklessly!
You are too injured to fight recklessly!
You are too injured to fight recklessly!
You are too injured to fight recklessly!
You are too injured to fight recklessly!
You are too injured to fight recklessly!
You are too injured to fight recklessly!
You are too injured to fight recklessly!
You are too injured to fight recklessly!
You are too injured to fight recklessly!
You are too injured to fight recklessly!
Things that are here:
a +0 dagger; 6 gold pieces You slash the orc!
You kill the orc!
You barely miss the orc.
The orc is moderately wounded.
You block the orc's attack.
You barely miss the orc.
The orc is moderately wounded.
The orc barely misses you.
You completely miss the orc.
The orc is moderately wounded.
The orc hits you with a +0 club. You block the orc's attack.
You slash the orc!
You kill the orc!
You slash the orc!
You kill the orc!
The gnoll hits you from afar with a +0 halberd.
You slash the orc!
You kill the orc!
The gnoll completely misses you.
You hit the gnoll.
The gnoll is heavily wounded.
The gnoll hits you from afar with a +0 halberd!
* * * LOW HITPOINT WARNING * * *
The gnoll barely misses you.
The gnoll hits you from afar with a +0 halberd!
You die...

........# ###.......###
##### ...........# #....
.#.###.......# #.###
.......o.....# ######.#
#)......# ##......#
#.g.#))#### ##...#####
......##.g####.##.....##
.........gg@.#.........#
..........##.#.##......#
#..#####.###.#.###..†..#####
##. #.......# ####....... #
#####.#.# #.....#....
######.#.# #.###.#.###
#.....#>.# #.#.....#
#.####.### #.#.#.##### #.#
#.# #..........


You could see 3 gnolls.

Vanquished Creatures
  An adder (D:2)
  12 orcs
  2 bats
  9 endoplasms
  4 giant cockroaches
  2 goblins
  3 hobgoblins
  11 jackals
  4 ball pythons
  5 frilled lizards
  10 kobolds
  6 rats
69 creatures vanquished.

Vanquished Creatures (others)
  A fungus (D:1)
  8 plants
9 creatures vanquished.

Grand Total: 78 creatures vanquished

Notes
Turn   | Place    | Note
-------+----------+-------------------------------------------
     0 | D:1      | Crownlay the Hill Orc Fighter began the quest for the Orb.
     0 | D:1      | Reached XP level 1. HP: 19/19 MP: 1/1
   238 | D:1      | Reached skill level 3 in Axes
   273 | D:1      | Reached XP level 2. HP: 26/26 MP: 2/2
   384 | D:1      | Found a faded altar of an unknown god.
   991 | D:2      | Reached skill level 4 in Axes
   993 | D:2      | Reached XP level 3. HP: 28/31 MP: 3/3
  1475 | D:2      | Found Alicuddy's Antique Armour Shoppe.
  1926 | D:3      | Reached XP level 4. HP: 38/39 MP: 4/4
  1928 | D:3      | Reached skill level 5 in Axes
  2430 | D:3      | Mangled by a gnoll

Illustrated notes

Levels and vault maps discovered:
D:1:      sevenhm_arrival_forest_fort_large_2, layout_rooms, serial_forest,
          infiniplex_forest_straight_3, infiniplex_forest_lined_2,
          infiniplex_forest_straight_4, infiniplex_forest_corner_1,
          infiniplex_forest_zigzag_1, shapermc_ecumenical_altar_acropolis
D:2:      layout_basic, serial_shops, nicolae_shop_behind_doors
D:3:      layout_loops_ring, grunt_decor_fettered, lexackson_kobold_supper

Skill      XL: |  1  2  3  4 |
---------------+-------------+-----
Axes           | 3 4 5 |  5.7
Shields        | 4 |  4.0
Fighting       | |  3.6
Armour         | |  3.2

Action                   |  1- 3 |  4- 6 || total
-------------------------+-------+-------++-------
Melee: War axe           |    96 |    79 ||   175
Armor: Scale mail        |    54 |    21 ||    75
Dodge: Dodged            |    46 |    45 ||    91
Block: Buckler           |    24 |    21 ||    45

Table legend: (Time is in decaauts)
 A = Elapsed time spent in this place.
 B = Non-inter-level travel time spent in this place.
 C = Inter-level travel time spent in this place.
 D = Time resting spent in this place.
 E = Time spent auto-exploring this place.
 F = Levels seen in this place.
 G = Mean time per level.
                   A        B        C        D        E       F      G
               +--------+--------+--------+--------+--------+-----+--------+
         Total |   2482 |   2439 |     43 |      0 |   2053 |   3 |  827.3 |
       Dungeon |   2482 |   2439 |     43 |      0 |   2053 |   3 |  827.3 |
               +--------+--------+--------+--------+--------+-----+--------+

Top non-repeatable levels by time:
     D:2: 1159 daAuts
     D:1: 786 daAuts
     D:3: 535 daAuts
